 Dungeon Crawl Stone Soup version 0.26-a0-690-gcb57259078 (webtiles) character file.

Game seed: 2488676221933556380

846 Peloso the Shield-Bearer (level 7, 0/61 HPs)
             Began as a Minotaur Fighter on Oct 24, 2020.
             Slain by a killer bee (1 damage)
             ... on level 6 of the Dungeon.
             The game lasted 00:10:37 (5911 turns).

Peloso the Shield-Bearer (Minotaur Fighter)         Turns: 5911, Time: 00:10:37

Health: 0/61       AC:  8    Str: 21    XL:     7   Next: 68%
Magic:  15/15      EV:  9    Int:  5    God:
Gold:   85         SH: 11    Dex: 13    Spells: 6/6 levels left

rFire    . . .     SeeInvis .   b - +0 spear (curse)
rCold    . . .     Faith    .   c - +1 kite shield
rNeg     . . .     Spirit   .   p - +0 scale mail of the Elven Halls {Dex+2} (curse)
rPois    .         Reflect  .   (helmet restricted)
rElec    .         Harm     .   (no cloak)
rCorr    .         Rampage  .   i - +0 pair of gloves (curse)
MR       .....                  (no boots)
Stlth    ..........             (no amulet)
HPRegen  0.20/turn              r - ring of magical power
MPRegen  0.14/turn              (no ring)

@: mighty, lethally poisoned (0 -> -4), stab
A: retaliatory headbutt, horns 2
a: no special abilities


You were on level 6 of the Dungeon.
You visited 1 branch of the dungeon, and saw 7 of its levels.

You collected 313 gold pieces.
You spent 228 gold pieces at shops.

Inventory:

Hand Weapons
 a - a +1 long sword
 b - a cursed +0 spear (weapon)
 h - a +2 dagger of venom
 j - a +2 dagger of venom
Missiles
 l - 23 bolts
Armour
 c - a +1 kite shield (worn)
 f - a +0 scale mail
 i - a cursed +0 pair of gloves (worn)
 p - the cursed +0 scale mail of the Elven Halls (worn) {Dex+2}
   (You found it on level 4 of the Dungeon)

   It affects your dexterity (+2).
   It has a curse placed upon it.
 t - a cursed +0 scale mail
 B - the +5 chain mail "Linustreo" {MR- Str+4 Dex+4, unknown}
   (You bought it in a shop on level 6 of the Dungeon)

   It affects your strength (+4).
   It affects your dexterity (+4).
   It affects your resistance to hostile enchantments.
Jewellery
 r - a ring of magical power (left hand)
 u - an uncursed ring of resist corrosion {unknown}
 y - an uncursed ring of fire {unknown}
Wands
 s - a wand of flame (17)
 w - a wand of polymorph (3)
Scrolls
 g - 8 scrolls of identify
 m - 3 scrolls of enchant armour
 n - a scroll of noise
 o - 3 scrolls of amnesia
 q - 3 scrolls of fog
Potions
 d - a potion of might
 e - a potion of mutation
 k - a potion of cancellation
 v - a potion of invisibility


   Skills:
 + Level 5.1 Fighting
 + Level 3.1 Long Blades
 + Level 5.1 Polearms
 + Level 5.9 Armour
 + Level 2.6 Dodging
 + Level 0.6 Stealth
 + Level 6.4 Shields


You had 6 spell levels left.
You didn't know any spells.
Your spell library was empty.

Dungeon Overview and Level Annotations

Branches:
Dungeon (7/15)
 Temple: D:4-7

Altars:
Ashenzari
Cheibriados
Elyvilon
Fedhas
Kikubaaqudgha
Sif Muna
Trog
Uskayaw
Wu Jian
The Shining One

Shops:
D:6 [

Annotations:
D:3 2 transporters, 1 runed translucent door, Crazy Yiuf
D:5 3 runed translucent doors, Shaidar's ghost, novice DrFi


Innate Abilities, Weirdness & Mutations

You reflexively headbutt those who attack you in melee.
You have a pair of horns on your head.


Message History

You feel sick. You block the killer bee's attack. x2
The killer bee stings you but does no damage.
The killer bee barely misses you.
Unknown command.
You miss the killer bee.
The killer bee is moderately wounded.
You feel sick. You block the killer bee's attack. x2
The killer bee stings you.
* * * LOW HITPOINT WARNING * * *
You block the killer bee's attack.
Unknown command.
You puncture the killer bee!
You kill the killer bee!
The killer bee stings you but does no damage.
You block the killer bee's attack.
It was a potion of stabbing.
You feel ready to backstab.
* * * LOW HITPOINT WARNING * * *
You feel sick. You block the killer bee's attack. The killer bee stings you.
You die...

#...... #......
#...... #######
##### #...# #...#
#@..# ############
#y..###.....#.....
#.................
#.................
#...#.............
#...#.............
#...#.............
#####.....(.......
#.............


You could see a killer bee.

Vanquished Creatures
  A sky beast (D:5)
  An ogre (D:6)
  A bullfrog (D:6)
  A killer bee (D:6)
  A jelly (D:6)
  3 hounds
  2 orc wizards (D:6)
  Natasha (thrice) (D:3)
  5 worker ants
  A hound skeleton (D:5)
  A worker ant zombie (D:5)
  A gnoll (D:1)
  4 adders
  2 oozes
  5 worms
  2 dart slugs
  5 leopard geckos
  6 orcs (D:6)
  6 bats
  7 giant cockroaches
  7 goblins
  6 hobgoblins
  11 jackals
  3 quokkas
  5 ball pythons
  7 frilled lizards
  7 kobolds
  A leopard gecko zombie (D:5)
  A quokka skeleton (D:5)
  11 rats
117 creatures vanquished.

Notes
Turn   | Place    | Note
-------+----------+-------------------------------------------
     0 | D:1      | Peloso the Minotaur Fighter began the quest for the Orb.
     0 | D:1      | Reached XP level 1. HP: 19/19 MP: 0/0
   117 | D:1      | Reached XP level 2. HP: 24/27 MP: 1/1
   179 | D:1      | Reached skill level 4 in Shields
   571 | D:1      | Reached XP level 3. HP: 33/33 MP: 2/2
  1160 | D:2      | Reached skill level 1 in Dodging
  1174 | D:2      | Reached XP level 4. HP: 33/40 MP: 3/3
  1308 | D:2      | Reached skill level 1 in Polearms
  1352 | D:2      | Found an ancient bone altar of Kikubaaqudgha.
  1444 | D:2      | Noticed a +0 dagger
  1444 | D:2      | Noticed a +0 hand axe
  1447 | D:2      | Found a hide-covered altar of Uskayaw.
  1853 | D:3      | Found a transporter.
  1895 | D:3      | Found a transporter.
  1943 | D:3      | Noticed Natasha
  1949 | D:3      | Killed Natasha
  2008 | D:3      | Found a glowing golden altar of the Shining One.
  2078 | D:3      | Reached XP level 5. HP: 47/47 MP: 4/4
  2081 | D:3      | Found a broken altar of Ashenzari.
  2168 | D:3      | Found a blossoming altar of Fedhas.
  2183 | D:3      | Noticed Natasha
  2191 | D:3      | Killed Natasha
  2402 | D:3      | Noticed Natasha
  2413 | D:3      | Killed Natasha
  2500 | D:3      | Found a runed translucent door.
  2501 | D:3      | Noticed Crazy Yiuf
  2710 | D:4      | Reached skill level 5 in Shields
  2997 | D:4      | Reached XP level 6. HP: 50/53 MP: 5/5
  3003 | D:4      | Got a translucent scale mail
  3014 | D:4      | Identified the cursed +0 scale mail of the Elven Halls
                  | {Dex+2} (You found it on level 4 of the Dungeon)
  3333 | D:4      | Found an ornate altar of the Wu Jian Council.
  3585 | D:4      | Found a bloodstained altar of Trog.
  3704 | D:5      | Entered Level 5 of the Dungeon
  3812 | D:5      | Found a runed translucent gate.
  3833 | D:5      | Noticed a sky beast
  3859 | D:5      | Killed a sky beast
  3978 | D:5      | Found a runed translucent gate.
  3979 | D:5      | Found a runed translucent gate.
  3988 | D:5      | Noticed Shaidar's ghost (novice DrFi)
  4268 | D:5      | Reached skill level 5 in Armour
  4319 | D:5      | Reached XP level 7. HP: 60/60 MP: 6/6
  4920 | D:6      | Found a snail-covered altar of Cheibriados.
  5041 | D:6      | Reached skill level 6 in Shields
  5048 | D:6      | Reached skill level 5 in Fighting
  5190 | D:6      | Found a white marble altar of Elyvilon.
  5418 | D:6      | Found Metsor's Antique Armour Shop.
  5429 | D:6      | Reached skill level 5 in Polearms
  5597 | D:6      | Bought a twisted chain mail for 228 gold pieces
  5832 | D:6      | Found a shimmering blue altar of Sif Muna.
  5909 | D:6      | HP: 1/61 [killer bee (5)]
  5911 | D:6      | Slain by a killer bee

Illustrated notes

Levels and vault maps discovered:
D:1:      lightli_molten_gateway, layout_loops_ring
D:2:      layout_basic, kiku_gazebo_pond_becter, dancing_weapons_uskayaw
D:3:      gammafunk_wand_slinger, layout_rooms, ashenzari_altar_1,
          nicolae_overflow_crystal_walls, tso_oasis_becter,
          uniq_crazy_yiuf_cottage, uniq_natasha
D:4:      layout_loops_ring, lemuel_doored_altar, kennysheep_mini
D:5:      layout_cave_pools, ebering_ghost_rock_garden, serial_co_window_serial,
          co_window_paths_a, co_window_paths_a, co_window_paths_a,
          co_window_of_opportunity_a, co_window_paths_a,
          co_window_of_opportunity_a, co_window_paths_b,
          co_window_of_opportunity_c, co_window_corner_b, co_window_2corner,
          co_window_4corner_a, glass_columns_a, glass_columns_b
D:6:      layout_rooms, nicolae_overflow_hidden_temple, lemuel_round_altar,
          elyvilon_altar_1, lemuel_coloured_pillars_altar, serial_shops, shop
D:7:      layout_rooms, minmay_temple_entry_wispy

Skill      XL: |  1  2  3  4  5  6  7 |
---------------+----------------------+-----
Armour         | 4 5 |  5.9
Shields        | 4 5 6 |  6.4
Fighting       | 4 5 |  5.1
Long Blades    | 3 |  3.1
Dodging        | 1 2 |  2.6
Polearms       | 2 3 4 5 |  5.1
Stealth        | |  0.6

Action                   |  1- 3 |  4- 6 |  7- 9 || total
-------------------------+-------+-------+-------++-------
Melee: Long sword        |    31 |       |       ||    31
       Headbutt          |    15 |    37 |    15 ||    67
       Spear             |    87 |   210 |    86 ||   383
  Use: Scroll            |     2 |     3 |     3 ||     8
       Potion            |     1 |     2 |     6 ||     9
Armor: Scale mail        |    33 |    58 |    35 ||   126
Dodge: Dodged            |    33 |    64 |    42 ||   139
Block: Kite shield       |    59 |   102 |    71 ||   232
       Rpst.: Long sword |     2 |       |       ||     2

Table legend: (Time is in decaauts)
 A = Elapsed time spent in this place.
 B = Non-inter-level travel time spent in this place.
 C = Inter-level travel time spent in this place.
 D = Time resting spent in this place.
 E = Time spent auto-exploring this place.
 F = Levels seen in this place.
 G = Mean time per level.
                   A        B        C        D        E       F      G
               +--------+--------+--------+--------+--------+-----+--------+
         Total |   5937 |   5827 |    110 |    139 |   4521 |   7 |  848.1 |
       Dungeon |   5937 |   5827 |    110 |    139 |   4521 |   7 |  848.1 |
               +--------+--------+--------+--------+--------+-----+--------+

Top non-repeatable levels by time:
     D:5: 1198 daAuts
     D:4: 1071 daAuts
     D:6: 991 daAuts
     D:1: 954 daAuts
     D:2: 927 daAuts
     D:3: 784 daAuts
     D:7: 10 daAuts
